APL (24 & UNDER)
SAVANNAH HOGS @ BEAVERTON BRONZE SOULS
08/27/2030
 
TOP OF THE 1ST
Savannah Hogs batting - Pitching for Beaverton Bronze Souls : RHP Juan García
Pitching: RHP Juan García
Batting: SHB Juan Chávez 0-0: SINGLE (Groundball, 25) (infield hit)
Batting: SHB Ramón Minas 0-0: Ball
1-0: Ball
2-0: Ball
3-0: Called Strike
3-1: Base on Balls
Juan Chávez to second
Batting: RHB José Ramos 0-0: Ball
1-0: Ball
2-0: 3-RUN HOME RUN (Line Drive, 78XD), Distance : 401 ft
Batting: RHB Pedro Cuevas 0-0: Called Strike
0-1: SINGLE (Line Drive, 56)
Batting: RHB Louis Miller 0-0: Ball
1-0: Ball
2-0: Called Strike
2-1: Swinging Strike
2-2: Strikes out swinging
Batting: RHB Juan Morales 0-0: SINGLE (Groundball, 4MD)
Pedro Cuevas to second
Batting: RHB Ramiro Villescaz 0-0: Foul Ball, location: 2F
0-1: Fly out, F8 (Flyball, 89M)
Batting: RHB Mike Russell 0-0: Ball
1-0: Swinging Strike
1-1: Fly out, F9 (Flyball, 89XD)
Top of the 1st over - 3 runs, 4 hits, 0 errors, 2 left on base; Savannah 3 - Beaverton 0
BOTTOM OF THE 1ST
Beaverton Bronze Souls batting - Pitching for Savannah Hogs : RHP Leo Blackley
Pitching: RHP Leo Blackley
Batting: LHB Cisco Gallegos 0-0: Swinging Strike
0-1: Swinging Strike
0-2: Foul Ball, location: 2F
0-2: Ball
1-2: Ball
2-2: Foul Ball, location: 2F
2-2: Strikes out swinging
Batting: LHB José Guillén 0-0: Ball
1-0: Fly out, F7 (Flyball, 7)
Batting: RHB Steve Smith 0-0: Called Strike
0-1: Ball
1-1: Ball
2-1: Foul Ball, location: 2F
2-2: Ball
3-2: SOLO HOME RUN (Flyball, 7LD), Distance : 348 ft
Batting: RHB Dan Cross 0-0: Called Strike
0-1: Fly out, F5 (Line Drive, 5)
Bottom of the 1st over - 1 run, 1 hit, 0 errors, 0 left on base; Savannah 3 - Beaverton 1
TOP OF THE 2ND
Savannah Hogs batting - Pitching for Beaverton Bronze Souls : RHP Juan García
Batting: RHB António Rodríguez 0-0: Called Strike
0-1: Ball
1-1: Ball
2-1: Swinging Strike
2-2: Foul Ball, location: 2F
2-2: Foul Ball, location: 2F
2-2: Fly out, F9 (Flyball, 9)
Batting: SHB Juan Chávez 0-0: Swinging Strike
0-1: Ball
1-1: Ball
2-1: SINGLE (Groundball, 4MD)
Batting: SHB Ramón Minas 0-0: Ball
Juan Chávez is caught stealing 2nd base
1-0: Fly out, F9 (Flyball, 89M)
Top of the 2nd over - 0 runs, 1 hit, 0 errors, 0 left on base; Savannah 3 - Beaverton 1
BOTTOM OF THE 2ND
Beaverton Bronze Souls batting - Pitching for Savannah Hogs : RHP Leo Blackley
Batting: RHB Luis Carranza 0-0: DOUBLE (Line Drive, 89D)
Batting: LHB Luis Aragón 0-0: Called Strike
0-1: Foul Ball, location: 2F
0-2: Ball
1-2: Foul Ball, location: 2F
1-2: Ball
Wild Pitch!
Luis Carranza to third
2-2: Ball
3-2: Base on Balls
Batting: LHB Balduíno Bruschy 0-0: Called Strike
0-1: Called Strike
0-2: Foul Ball, location: 2F
0-2: Ball
1-2: Strikes out swinging
Batting: RHB Pedro Rivera 0-0: Ball
1-0: Ball
2-0: Called Strike
2-1: Foul Ball, location: 2F
2-2: Strikes out swinging
Batting: LHB Rodrigo Pérez 0-0: Called Strike
0-1: Swinging Strike
0-2: Ball
1-2: Ball
2-2: Strikes out swinging
Bottom of the 2nd over - 0 runs, 1 hit, 0 errors, 2 left on base; Savannah 3 - Beaverton 1
TOP OF THE 3RD
Savannah Hogs batting - Pitching for Beaverton Bronze Souls : RHP Juan García
Batting: RHB José Ramos 0-0: Ball
1-0: Called Strike
1-1: SINGLE (Flyball, 4MD)
Batting: RHB Pedro Cuevas 0-0: Ball
1-0: SINGLE (Groundball, 34D) - runner OUT being hit by batted ball.
Batting: RHB Louis Miller 0-0: Called Strike
0-1: Foul Ball, location: 2F
0-2: SINGLE (Line Drive, 6MD)
Pedro Cuevas to second
Batting: RHB Juan Morales 0-0: Ball
1-0: Ball
2-0: Called Strike
2-1: Called Strike
2-2: Ball
3-2: Fly out, F8 (Flyball, 8RD)
Runner from 2nd tags up, SAFE at 3rd with throw
Batting: RHB Ramiro Villescaz 0-0: Foul Ball, location: 2F
0-1: Ball
1-1: Called Strike
1-2: Strikes out swinging
Top of the 3rd over - 0 runs, 3 hits, 0 errors, 2 left on base; Savannah 3 - Beaverton 1
BOTTOM OF THE 3RD
Beaverton Bronze Souls batting - Pitching for Savannah Hogs : RHP Leo Blackley
Batting: LHB Cisco Gallegos 0-0: Ball
1-0: Ball
2-0: SINGLE (Line Drive, 6MD)
Batting: LHB José Guillén 0-0: SINGLE (Groundball, 34D)
Cisco Gallegos to second
Runner from 2nd tries for 3rd, SAFE, no throw
Batting: RHB Steve Smith 0-0: Ball
1-0: Fly out, F9 (Flyball, 89S)
Runner from 3rd tags up, SCORES, no throw
Batting: RHB Dan Cross 0-0: Fly out, F7 (Flyball, 7S)
Batting: RHB Luis Carranza 0-0: Called Strike
Throwing error on steal attempt, E2
José Guillén to third
0-1: Swinging Strike
0-2: Ground out 1-3 (Groundball, 13S)
Bottom of the 3rd over - 1 run, 2 hits, 1 error, 1 left on base; Savannah 3 - Beaverton 2
TOP OF THE 4TH
Savannah Hogs batting - Pitching for Beaverton Bronze Souls : RHP Juan García
Batting: RHB Mike Russell 0-0: Ball
1-0: Ball
2-0: Ball
3-0: Called Strike
3-1: Foul Ball, location: 2F
3-2: Fly out, F8 (Flyball, 8LM)
Batting: RHB António Rodríguez 0-0: Ball
1-0: Ball
2-0: Foul Ball, location: 2F
2-1: SINGLE (Groundball, 34D) (infield hit)
Batting: SHB Juan Chávez 0-0: Ball
1-0: Called Strike
1-1: Ball
2-1: Fielders Choice at 2nd, 4-6 (Groundball, 4)
Batting: SHB Ramón Minas 0-0: Called Strike
0-1: Ball
1-1: Called Strike
1-2: Ball
2-2: Foul Ball, location: 2F
2-2: Ball
3-2: Reached on error, E9 (Flyball, 9)
Juan Chávez to third
Batting: RHB José Ramos 0-0: Ball
1-0: Ball
2-0: Foul Ball, location: 2F
2-1: Foul Ball, location: 2F
2-2: Ball
3-2: Foul Ball, location: 2F
3-2: Reached on error, E1 (Groundball, 13)
Juan Chávez scores
Ramón Minas scores
Batting: RHB Pedro Cuevas 0-0: Called Strike
0-1: Swinging Strike
0-2: Ball
1-2: Ball
2-2: Ball
3-2: Strikes out swinging, 2-3 out at first.
Top of the 4th over - 2 runs, 1 hit, 2 errors, 1 left on base; Savannah 5 - Beaverton 2
BOTTOM OF THE 4TH
Beaverton Bronze Souls batting - Pitching for Savannah Hogs : RHP Leo Blackley
Batting: LHB Luis Aragón 0-0: Called Strike
0-1: Foul Ball, location: 2F
0-2: Ball
1-2: Ball
2-2: SINGLE (Line Drive, 4D)
Batting: LHB Balduíno Bruschy 0-0: Ball
1-0: Fly out, F8 (Flyball, 8LXD)
Batting: RHB Pedro Rivera 0-0: Ball
1-0: Called Strike
1-1: Fielders Choice at 2nd, 6-4 (Groundball, 6)
Batting: LHB Rodrigo Pérez 0-0: Ball
1-0: Foul Ball, location: 2F
1-1: Ball
2-1: Ball
3-1: Base on Balls
Pedro Rivera to second
Batting: LHB Cisco Gallegos 0-0: Fly out, F8 (Line Drive, 78M)
Bottom of the 4th over - 0 runs, 1 hit, 0 errors, 2 left on base; Savannah 5 - Beaverton 2
TOP OF THE 5TH
Savannah Hogs batting - Pitching for Beaverton Bronze Souls : RHP Juan García
Batting: RHB Louis Miller 0-0: Ball
1-0: Called Strike
1-1: Foul Ball, location: 2F
1-2: Strikes out looking
Batting: RHB Juan Morales 0-0: Called Strike
0-1: Ball
1-1: Foul Ball, location: 2F
1-2: Foul Ball, location: 2F
1-2: Strikes out swinging
Batting: RHB Ramiro Villescaz 0-0: Foul Ball, location: 2F
0-1: SINGLE (Groundball, 6MD)
Batting: RHB Mike Russell 0-0: Ball
Ramiro Villescaz is caught stealing 2nd base
Top of the 5th over - 0 runs, 1 hit, 0 errors, 0 left on base; Savannah 5 - Beaverton 2
BOTTOM OF THE 5TH
Beaverton Bronze Souls batting - Pitching for Savannah Hogs : RHP Leo Blackley
Batting: LHB José Guillén 0-0: Ball
1-0: SINGLE (Flyball, 8LS)
Batting: RHB Steve Smith 0-0: Ball
1-0: Swinging Strike
1-1: Ball
2-1: Foul Ball, location: 2F
2-2: Fly out, F6 (Popup, 6M)
Batting: RHB Dan Cross 0-0: Grounds into double play, 1-6-3 (Groundball, 13)
Bottom of the 5th over - 0 runs, 1 hit, 0 errors, 0 left on base; Savannah 5 - Beaverton 2
TOP OF THE 6TH
Savannah Hogs batting - Pitching for Beaverton Bronze Souls : RHP Juan García
Pitching: RHP Ramón Martínez
Batting: RHB Mike Russell 0-0: Called Strike
0-1: Ball
1-1: Swinging Strike
1-2: Strikes out swinging
Batting: RHB António Rodríguez 0-0: Ball
1-0: Called Strike
1-1: Called Strike
1-2: Strikes out swinging
Batting: SHB Juan Chávez 0-0: Ball
1-0: Called Strike
1-1: Ball
2-1: Ball
3-1: Called Strike
3-2: Fly out, F9 (Flyball, 9)
Top of the 6th over - 0 runs, 0 hits, 0 errors, 0 left on base; Savannah 5 - Beaverton 2
BOTTOM OF THE 6TH
Beaverton Bronze Souls batting - Pitching for Savannah Hogs : RHP Leo Blackley
Batting: RHB Luis Carranza 0-0: Called Strike
0-1: Called Strike
0-2: SINGLE (Line Drive, 89S)
Batting: LHB Luis Aragón 0-0: Called Strike
0-1: Ball
1-1: Foul Ball, location: 2F
1-2: Foul Ball, location: 2F
1-2: Ball
2-2: Ground out 5-3 (Groundball, 25)
Luis Carranza to second
Batting: LHB Balduíno Bruschy 0-0: Foul Ball, location: 2F
0-1: 2-RUN HOME RUN (Flyball, 9D), Distance : 361 ft
Batting: RHB Pedro Rivera 0-0: Ball
1-0: Fly out, F9 (Line Drive, 9S)
Batting: LHB Rodrigo Pérez 0-0: Ball
1-0: Foul Ball, location: 2F
1-1: Foul Ball, location: 2F
1-2: Foul Ball, location: 2F
1-2: Ball
2-2: Ground out 1-3 (Groundball, P)
Bottom of the 6th over - 2 runs, 2 hits, 0 errors, 0 left on base; Savannah 5 - Beaverton 4
TOP OF THE 7TH
Savannah Hogs batting - Pitching for Beaverton Bronze Souls : RHP Ramón Martínez
Batting: SHB Ramón Minas 0-0: Called Strike
0-1: Ball
1-1: Ball
2-1: Ball
3-1: Base on Balls
Batting: RHB José Ramos 0-0: Ball
1-0: Called Strike
Ramón Minas steals 2nd base
1-1: Called Strike
1-2: Ball
2-2: Foul Ball, location: 2F
2-2: Foul Ball, location: 2F
2-2: Ball
3-2: Foul Ball, location: 2F
3-2: Base on Balls
Batting: RHB Pedro Cuevas 0-0: Fly out, F5 (Line Drive, 5)
Pinch Hitting: LHB Felipe Franco 0-0: Ball
1-0: Foul Ball, location: 2F
1-1: Reached on error, E1 (Groundball, 13)
Ramón Minas to third
José Ramos to second
Batting: RHB Juan Morales 0-0: Foul Ball, location: 2F
0-1: Ball
1-1: Called Strike
1-2: Strikes out swinging
Batting: RHB Ramiro Villescaz 0-0: Ball
1-0: Ball
2-0: Foul Ball, location: 2F
2-1: Ball
3-1: Foul Ball, location: 2F
3-2: Fly out, F7 (Flyball, 7S)
Top of the 7th over - 0 runs, 0 hits, 1 error, 3 left on base; Savannah 5 - Beaverton 4
BOTTOM OF THE 7TH
Beaverton Bronze Souls batting - Pitching for Savannah Hogs : RHP Leo Blackley
Now in LF: Felipe Franco
Batting: LHB Cisco Gallegos 0-0: Ball
1-0: Foul Ball, location: 2F
1-1: Ball
2-1: Swinging Strike
2-2: Ball
3-2: SINGLE (Groundball, 34D)
Pitching: RHP Salvador Cervantes
Batting: LHB José Guillén 0-0: SINGLE (Groundball, 4MS) (infield hit)
Cisco Gallegos to second
Pinch Runner at 1st Howard Holder:
Batting: RHB Steve Smith 0-0: Ball
1-0: Swinging Strike
1-1: Swinging Strike
1-2: Strikes out looking
Batting: RHB Dan Cross 0-0: Ball
1-0: Foul Ball, location: 2F
1-1: Ball
2-1: Ball
3-1: SINGLE (Line Drive, 56D)
Cisco Gallegos to third
Howard Holder to second
Batting: RHB Luis Carranza 0-0: Ball
1-0: Foul Ball, location: 2F
1-1: SINGLE (Line Drive, 6MD)
Cisco Gallegos scores
Howard Holder to third
Dan Cross to second
Runner from 3rd tries for Home, SAFE, throw made home
Pitching: LHP Ronnie Beason
Batting: LHB Luis Aragón 0-0: Called Strike
0-1: Foul Ball, location: 2F
0-2: Ground out 6-3 (Groundball, 6MS)
Dan Cross to third
Luis Carranza to second
Pinch Hitting: RHB Ed Fuhrman 0-0: Ball
1-0: Ball
2-0: Ball
3-0: Called Strike
3-1: Ground out 6-3 (Groundball, 6)
Bottom of the 7th over - 2 runs, 4 hits, 0 errors, 2 left on base; Savannah 5 - Beaverton 6
TOP OF THE 8TH
Savannah Hogs batting - Pitching for Beaverton Bronze Souls : RHP Ramón Martínez
Now at 1B: Ed Fuhrman
Now at 3B: Howard Holder
Now at SS: Alberto Sandoval
Now in LF: Chris White
Batting: RHB Mike Russell 0-0: Ball
1-0: Ball
2-0: Called Strike
2-1: Called Strike
2-2: Strikes out swinging
Batting: RHB António Rodríguez 0-0: SINGLE (Line Drive, 89S)
Batting: SHB Juan Chávez 0-0: Called Strike
0-1: 2-RUN HOME RUN (Flyball, 8LXD), Distance : 408 ft
Pitching: RHP Vicente Guillén
Batting: SHB Ramón Minas 0-0: Foul Ball, location: 2F
0-1: Called Strike
0-2: Ball
1-2: Strikes out swinging
Batting: RHB José Ramos 0-0: Ball
1-0: Fly out, F7 (Flyball, 78D)
Top of the 8th over - 2 runs, 2 hits, 0 errors, 0 left on base; Savannah 7 - Beaverton 6
BOTTOM OF THE 8TH
Beaverton Bronze Souls batting - Pitching for Savannah Hogs : LHP Ronnie Beason
Pitching: LHP Gilberto Jáquez
Now at C: Wilson Ortíz
Batting: RHB Pedro Rivera 0-0: Ball
1-0: Ground out 4-3 (Groundball, 4M)
Batting: LHB Rodrigo Pérez 0-0: Ground out 4-3 (Groundball, 34S)
Batting: LHB Cisco Gallegos 0-0: Ball
1-0: Foul Ball, location: 2F
1-1: Called Strike
1-2: Strikes out swinging
Bottom of the 8th over - 0 runs, 0 hits, 0 errors, 0 left on base; Savannah 7 - Beaverton 6
TOP OF THE 9TH
Savannah Hogs batting - Pitching for Beaverton Bronze Souls : RHP Vicente Guillén
Batting: RHB Pedro Cuevas 0-0: Foul Ball, location: 2F
0-1: Ball
1-1: Foul Ball, location: 2F
1-2: Fly out, F8 (Flyball, 8RD)
Batting: LHB Felipe Franco 0-0: Called Strike
0-1: Ball
1-1: SINGLE (Groundball, 3D)
Pinch Hitting: SHB David Bennett 0-0: SINGLE (Flyball, 9LS)
Felipe Franco to second
Runner from 2nd tries for 3rd, SAFE, no throw
Batting: RHB Ramiro Villescaz 0-0: Ball
1-0: Ball
2-0: Ball
3-0: Base on Balls
David Bennett to second
Batting: RHB Mike Russell 0-0: Ball
1-0: Foul Ball, location: 2F
1-1: Swinging Strike
1-2: Ball
2-2: Strikes out swinging
Pinch Hitting: RHB Rick Holman 0-0: Foul Ball, location: 2F
0-1: Ball
1-1: Foul Ball, location: 2F
1-2: Foul Ball, location: 2F
1-2: Ball
2-2: Strikes out looking
Top of the 9th over - 0 runs, 2 hits, 0 errors, 3 left on base; Savannah 7 - Beaverton 6
BOTTOM OF THE 9TH
Beaverton Bronze Souls batting - Pitching for Savannah Hogs : LHP Gilberto Jáquez
Now at SS: Miguel Martínez
Now in CF: Lewis Childress
Pinch Hitting: RHB Owen Parra 0-0: Ball
1-0: Ball
2-0: Foul Ball, location: 2F
2-1: Foul Ball, location: 2F
2-2: Strikes out swinging
Batting: RHB Steve Smith 0-0: Foul Ball, location: 2F
0-1: Foul Ball, location: 2F
0-2: Ball
1-2: Strikes out swinging
Batting: SHB Alberto Sandoval 0-0: Ball
1-0: Ground out 4-3 (Groundball, 4M)
Bottom of the 9th over - 0 runs, 0 hits, 0 errors, 0 left on base; Savannah 7 - Beaverton 6
Saturday, April 7th, 2018 - OOTP Baseball 18.8 Build 76